 Dungeon Crawl Stone Soup version 0.31-a0-542-gdc2a67831c (webtiles) character file.

Game seed: 7100498466789063986

625 Demosthentine the Trooper (level 7, -8/56 HPs)
             Began as a Demonspawn Gladiator on Aug 14, 2023.
             Was an Initiate of Hepliaklqana.
             Killed by divine providence
             ... invoked by an orc priest
              (12 damage)
             ... on level 5 of the Dungeon.
             The game lasted 00:05:40 (4015 turns).

Demosthentine the Trooper (Demonspawn Gladiator)    Turns: 4015, Time: 00:05:40

Health: -8/56      AC:  7    Str: 17    XL:     7   Next: 23%
Magic:  25/25      EV: 13    Int:  9    God:    Hepliaklqana [......]
Gold:   284        SH:  0    Dex: 14    Spells: 6/6 levels left

rFire   . . .        a - +1 trident
rCold   . . .        (no shield)
rNeg    . . .        b - +0 leather armour
rPois   +            t - +0 helmet of the Demon Prince {rCorr MP+9}
rElec   .            o - +0 cloak
rCorr   +            (no gloves)
SInv    .            (no boots)
Will    .....        (no amulet)
Stlth   +            j - ring of poison resistance
HPRegen 0.29/turn    s - ring of magical power
MPRegen 0.19/turn

%: no passive effects
@: mighty, studying Fighting
A: thin metallic scales 1, powered by pain 1, spiny 1
a: Renounce Religion


You were on level 5 of the Dungeon.
You worshipped Hepliaklqana.
Hepliaklqana was noncommittal.
You visited 2 branches of the dungeon, and saw 6 of its levels.

You collected 284 gold pieces.

Inventory:

Hand Weapons
 a - a +1 trident (weapon)
Missiles
 d - 2 throwing nets (quivered)
 e - 10 javelins
Armour
 b - a +0 leather armour (worn)
 o - a +0 cloak (worn)
 t - the +0 helmet of the Demon Prince (worn) {rCorr MP+9}
   (You found it on level 4 of the Dungeon)

   MP+9:      It affects your magic capacity (+9).
   rCorr:     It protects you from acid and corrosion.
Jewellery
 j - a ring of poison resistance (left hand)
 k - a ring of flight
 s - a ring of magical power (right hand)
Wands
 l - a wand of flame (15)
Scrolls
 c - a scroll of fear
 f - a scroll of silence
 g - a scroll of blinking
 i - 2 scrolls of vulnerability
 q - a scroll of identify
 v - 3 scrolls of teleportation
Potions
 h - a potion of invisibility
 m - 2 potions of resistance
 n - a potion of cancellation {unknown}
 p - a potion of might {unknown}
 r - 2 potions of haste


   Skills:
 + Level 5.1 Fighting
 + Level 4.4 Polearms
 - Level 1.7 Throwing
 + Level 3.2 Armour
 + Level 4.4 Dodging


You had 6 spell levels left.
You didn't know any spells.
Your spell library contained the following spells:

 Spells                   Type           Power      Damage    Failure   Level
 Cigotuvi's Dreadful Rot  Necr/Pois/Air  0%         N/A       58%         2
 Dispel Undead            Necr           0%         3d6       99%         4
 Death Channel            Necr           0%         N/A       100%        6


Dungeon Overview and Level Annotations

Branches:
Dungeon (5/15)             Temple (1/1) D:4

Altars:
Ashenzari
Cheibriados
Hepliaklqana
Kikubaaqudgha
Ru
Sif Muna
Trog
Vehumet
Wu Jian
Xom

Annotations:
D:5 2 transporters, RoseCult's ghost, amateur DEEE


Innate Abilities, Weirdness & Mutations

You are partially covered in thin metallic scales. (AC +2)
You sometimes gain a little power by taking damage.
You are partially covered in sharp spines.


Message History

Something hits you.
The orc priest hits you but does no damage.
You hit the orc priest.
The orc priest is heavily wounded.
You hear some strange, mumbled words.
A puff of flame appears from out of thin air!
The puff of flame hits you. The orc priest misses you.
You closely miss the orc priest.
The orc priest is heavily wounded.
The orc priest closely misses you. Something hits you but does no damage.
You hit the orc priest.
The orc priest is heavily wounded.
The orc priest hits you but does no damage.
You hear some strange, mumbled words.
A magic dart appears from out of thin air!
The magic dart hits you.
Unknown command.
You barely miss the orc priest.
The orc priest is heavily wounded.
The orc priest is struck by your spines.
The orc priest barely misses you. Something hits you but does no damage.
You hit the orc priest but do no damage.
The orc priest is severely wounded.
The orc priest hits you with a +0 mace. Something hits you but does no damage.
You hear some strange, mumbled words.
A magic dart appears from out of thin air!
The magic dart hits you.
* * * LOW HITPOINT WARNING * * *
The orc priest invokes the aid of Beogh against you.
Beogh smites you!
* * * LOW HITPOINT WARNING * * *
You focus on the pain.
You feel very mighty all of a sudden.
Okay, then.
You hit the orc priest.
The orc priest is almost dead.
Something hits you but does no damage.
The orc priest invokes the aid of Beogh against you.
Beogh smites you!
You die...

....... ..#..........
...... ..#....ZZWZ.W
>...##..###########
#<..##........©....
####..................
#............####.####
#................
#.####{......#####.###
#....@o......# #.##
#..######.#### #..# #.
#.### ##†# #.
##...#######.## ..
#.............. b#
##.......#.....
#.....#......#.
#...#.....#....
....#...)#....#.


You could see an orc priest.

Vanquished Creatures
  An ogre (D:4)
  A phantom (D:5)
  A howler monkey (D:5)
  A hound (D:4)
  Crazy Yiuf (D:2)
  An iguana (D:4)
  A sleepcap (D:4)
  Ijyb (D:4)
  Natasha (twice) (D:2)
  2 orc wizards
  7 adders
  2 white imps
  2 worms (D:2)
  3 dart slugs
  10 orcs
  6 ball pythons
  2 bats
  7 endoplasms
  5 giant cockroaches
  4 goblins
  9 hobgoblins
  4 jackals (D:1)
  9 kobolds
  4 quokkas
  5 frilled lizards
  5 rats
96 creatures vanquished.

Notes
Turn   | Place    | Note
-------+----------+-------------------------------------------
     0 | D:1      | Demosthentine the Demonspawn Gladiator began the quest for
                  | the Orb.
     0 | D:1      | Reached XP level 1. HP: 16/16 MP: 1/1
   169 | D:1      | Gained mutation: You sometimes gain a little power by
                  | taking damage. [demonic ancestry]
   169 | D:1      | Reached XP level 2. HP: 22/22 MP: 2/2
   479 | D:1      | Reached skill level 1 in Armour
   490 | D:1      | Gained mutation: You are partially covered in thin metallic
                  | scales. (AC +2) [demonic ancestry]
   490 | D:1      | Reached XP level 3. HP: 17/28 MP: 3/3
   683 | D:2      | Found a runed translucent door.
   684 | D:2      | Noticed Crazy Yiuf
   954 | D:2      | Noticed Natasha
   968 | D:2      | Killed Natasha
   969 | D:2      | Reached XP level 4. HP: 23/34 MP: 4/4
   998 | D:2      | Noticed Natasha
  1411 | D:2      | Killed Natasha
  1670 | D:2      | Killed Crazy Yiuf
  1671 | D:2      | Reached skill level 3 in Fighting
  1671 | D:2      | Gained mutation: You are partially covered in sharp spines.
                  | [demonic ancestry]
  1671 | D:2      | Reached XP level 5. HP: 41/41 MP: 5/5
  2385 | D:3      | Identified a scroll of acquirement
  2385 | D:3      | Acquired a manual of Fighting
  2423 | D:4      | Noticed Ijyb
  2433 | D:4      | Killed Ijyb
  2471 | D:4      | Reached XP level 6. HP: 42/48 MP: 6/6
  2690 | D:4      | Reached skill level 4 in Fighting
  3025 | D:4      | Identified the +0 helmet of the Demon Prince {rCorr MP+9}
  3044 | D:4      | Identified the +10 mace of Mayhem {vamp, rPois rN+ Int+3}
  3287 | D:4      | Found a staircase to the Ecumenical Temple.
  3604 | Temple   | Entered the Ecumenical Temple
  3631 | Temple   | Became a worshipper of Hepliaklqana the Forgotten
  3673 | D:5      | Entered Level 5 of the Dungeon
  3715 | D:5      | Found a transporter.
  3738 | D:5      | Found a transporter.
  3741 | D:5      | Noticed RoseCult's ghost (amateur DEEE)
  3765 | D:5      | Reached XP level 7. HP: 36/55 MP: 7/7
  3769 | D:5      | HP: 2/55 [white imp (4)]
  3989 | D:5      | Reached skill level 5 in Fighting
  4015 | D:5      | Killed from afar by an orc priest

Illustrated notes

Levels and vault maps discovered:
D:1:      eino_arrival_tree_alley, layout_rooms
D:2:      layout_loops_corners, chequers_garden, uniq_natasha,
          uniq_crazy_yiuf_cottage
D:3:      layout_rooms, kennysheep_nondescript, grunt_ministairs_9,
          bh_walls_and_bars
D:4:      layout_gridville, amcnicky_altar_gilded, minmay_temple_entry_waves,
          minmay_fractal_squares_5, uniq_ijyb
D:5:      layout_basic, kennysheep_mini, gammafunk_ghost_mausoleum,
          roderic_batcave, minmay_tree_intersection, minmay_increasing_density
Temple:   hc_temple_tempest_star

Skill      XL: |  1  2  3  4  5  6  7 |
---------------+----------------------+-----
Polearms       | 3 4 |  4.4
Dodging        | 3 4 |  4.4
Armour         | 1 2 3 |  3.2
Fighting       | 3 4 5 |  5.1
Throwing       | |  1.7

Action                     |  1- 3 |  4- 6 |  7- 9 || total
---------------------------+-------+-------+-------++-------
  Melee: Trident           |   135 |   185 |    31 ||   351
  Throw: Throwing net      |       |     2 |       ||     2
    Use: Scroll            |     3 |    11 |       ||    14
         Potion            |       |       |     3 ||     3
   Stab: Sleeping          |     1 |       |       ||     1
         Held in net/web   |       |     1 |       ||     1
 Armour: Leather armour    |    34 |    41 |    13 ||    88
  Dodge: Dodged            |    72 |    85 |    15 ||   172

Table legend: (Time is in decaauts)
 A = Elapsed time spent in this place.
 B = Non-inter-level travel time spent in this place.
 C = Inter-level travel time spent in this place.
 D = Time resting spent in this place.
 E = Time spent auto-exploring this place.
 F = Levels seen in this place.
 G = Mean time per level.
                   A        B        C        D        E       F      G
               +--------+--------+--------+--------+--------+-----+--------+
         Total |   4083 |   3951 |    132 |     59 |   3114 |   6 |  680.5 |
       Dungeon |   4028 |   3950 |     78 |     59 |   3114 |   5 |  805.6 |
        Temple |     54 |      1 |     53 |      0 |      0 |   1 |   54.0 |
               +--------+--------+--------+--------+--------+-----+--------+

Top non-repeatable levels by time:
     D:4: 1222 daAuts
     D:2: 1085 daAuts
     D:3: 714 daAuts
     D:1: 662 daAuts
     D:5: 343 daAuts
  Temple: 54 daAuts
